 Dungeon Crawl Stone Soup version 0.30-a0-557-ge2afbf3030 (webtiles) character file.

Game seed: 3469969878799861832

114 drugrobin the Sneak (level 4, -1/37 HPs)
             Began as a Demigod Delver on Dec 28, 2022.
             Slain by Terence
             ... wielding a +0 trident
              (7 damage)
             ... on level 2 of the Dungeon.
             The game lasted 00:06:30 (1952 turns).

drugrobin the Sneak (Demigod Delver)                Turns: 1952, Time: 00:06:30

Health: -1/37      AC:  6    Str: 17    XL:     4   Next: 41%
Magic:  6/6        EV: 11    Int: 12    God:
Gold:   147        SH:  3    Dex: 15    Spells: 3/3 levels left

rFire   . . .      SeeInvis +      - Unarmed
rCold   . . .      Faith    .    h - +0 buckler
rNeg    . . .      Spirit   .    a - +0 leather armour
rPois   .          Reflect  .    (no helmet)
rElec   .          Harm     .    (no cloak)
rCorr   .          Rampage  .    m - +2 pair of gloves
Will    .....                    (no boots)
Stlth   +++                      (no amulet)
HPRegen 0.26/turn                l - ring of see invisible
MPRegen 0.10/turn                (no ring)

@: no status effects
A: high MP 1, forlorn, divine attributes
a: no special abilities


You were on level 2 of the Dungeon.
You visited 1 branch of the dungeon, and saw 5 of its levels.

You collected 147 gold pieces.

Inventory:

Missiles
 o - 37 stones (quivered)
Armour
 a - a +0 leather armour (worn)
 h - a +0 buckler (worn)
 m - a +2 pair of gloves (worn)
 n - a +0 helmet
Jewellery
 l - a ring of see invisible (left hand)
Wands
 f - a wand of digging (3)
Scrolls
 b - a scroll of fog
 c - a scroll of magic mapping
 d - a scroll of fear
 i - a scroll of vulnerability {unknown}
 j - 2 scrolls of enchant armour {unknown}
 q - a scroll of poison {unknown}
 r - a scroll of identify {unknown}
 s - a scroll of enchant weapon {unknown}
Potions
 e - 2 potions of haste
 g - 4 potions of curing {unknown}
 k - 3 potions of heal wounds {unknown}
 p - a potion of lignification {unknown}


   Skills:
 - Level 2.6 Fighting
 - Level 1.7 Dodging
 - Level 4.5 Stealth
 + Level 4.5 Unarmed Combat


You had 3 spell levels left.
You didn't know any spells.
Your spell library was empty.

Dungeon Overview and Level Annotations

Branches:
Dungeon (5/15)
 Temple: D:4-7

Annotations:
D:2 Terence
D:4 exclusion: scorpion


Innate Abilities, Weirdness & Mutations

You have an increased reservoir of magic. (+10% MP)
You shall have no god before yourself.
Your divine heritage dramatically boosts your attributes as you level up.


Message History

* * * LOW HITPOINT WARNING * * *
You closely miss Terence.
Terence is severely wounded.
Terence barely misses you.
Unknown command.
Unknown command.
You hit Terence but do no damage.
Terence is severely wounded.
Terence closely misses you.
Unknown command.
Unknown command.
Unknown command.
You closely miss Terence.
Terence is severely wounded.
Terence closely misses you.
Unknown command.
Unknown command.
Unknown command.
You barely miss Terence.
Terence is severely wounded.
Terence hits you with a +0 trident.
* * * LOW HITPOINT WARNING * * *
Unknown command.
Unknown command.
Unknown command.
Unknown command.
You barely miss Terence.
Terence is severely wounded.
You block Terence's attack.
Unknown command.
Unknown command.
Unknown command.
Press: ? - help, v - describe, . - travel
Here: Terence, wielding a +0 trident and wearing a +0 scale mail (severely wounded)
The floor.
Unknown command.
You hit Terence.
Terence is almost dead.
Terence hits you with a +0 trident!
You die...

######.#.## ##.###
#.#..###.##
#.#.#...## ..#.#####
#.# #.# ## #<# #.
####.############ #.
#......@@.......# #.
#.##.##########.#####
#. ###### #.#...##
#.........# #. .....#
#......# #.###@###.#
#. ####.#####.#...##
#†# #.
...........##.##
#..@...?...# #.
.###.########.#
#..##..##..# ##
.....# #.# # #.## .#
.##.## ##+## ... #


You could see Terence.

Vanquished Creatures
  A hound (D:4)
  2 adders
  2 worms
  3 dart slugs
  An orc (D:4)
  4 ball pythons
  5 bats
  10 endoplasms
  3 giant cockroaches
  4 goblins
  4 kobolds
  5 quokkas
  3 frilled lizards (D:1)
  6 rats
53 creatures vanquished.

Notes
Turn   | Place    | Note
-------+----------+-------------------------------------------
     0 | D:5      | drugrobin the Demigod Delver began the quest for the Orb.
     0 | D:5      | Reached XP level 1. HP: 18/18 MP: 3/3
    53 | D:5      | Noticed a hound
    68 | D:4      | Noticed an iguana
   113 | D:4      | Reached XP level 2. HP: 19/25 MP: 4/4
   151 | D:4      | Reached XP level 3. HP: 25/30 MP: 5/5
   190 | D:4      | Noticed a scorpion
  1195 | D:2      | Reached XP level 4. HP: 37/37 MP: 6/6
  1914 | D:2      | Noticed Terence
  1952 | D:2      | Slain by Terence

Illustrated notes

Levels and vault maps discovered:
D:1:      dpeg_arrival_stonehenge_8_columns, layout_basic,
          minmay_misc_feat_encased, glass_columns_a
D:2:      layout_loops_corners, uniq_terence
D:3:      layout_basic, nicolae_yredelemnul_corpse_copse,
          mainiacjoe_overflow_boulevard
D:4:      layout_basic, grunt_temple_overflow_open, minmay_temple_entry_statues,
          serial_shops, shop
D:5:      layout_loops_corners, amcnicky_altar_gilded,
          nicolae_overflow_hidden_temple, roderic_roman_lattice, uniq_edmund

Skill      XL: |  1  2  3 |
---------------+----------+-----
Unarmed Combat | 2 3 4 |  4.5
Fighting       | |  2.6
Dodging        | |  1.7
Stealth        | |  4.5

Action                   |  1- 3 |  4- 6 || total
-------------------------+-------+-------++-------
Melee: Unarmed           |   106 |    82 ||   188
       Punch             |     1 |       ||     1
 Stab: Sleeping          |     9 |     8 ||    17
Armor: Leather armour    |    23 |    16 ||    39
Dodge: Dodged            |    45 |    27 ||    72
Block: Buckler           |     8 |     6 ||    14

Table legend: (Time is in decaauts)
 A = Elapsed time spent in this place.
 B = Non-inter-level travel time spent in this place.
 C = Inter-level travel time spent in this place.
 D = Time resting spent in this place.
 E = Time spent auto-exploring this place.
 F = Levels seen in this place.
 G = Mean time per level.
                   A        B        C        D        E       F      G
               +--------+--------+--------+--------+--------+-----+--------+
         Total |   1945 |   1897 |     48 |      0 |   1244 |   5 |  389.0 |
       Dungeon |   1945 |   1897 |     48 |      0 |   1244 |   5 |  389.0 |
               +--------+--------+--------+--------+--------+-----+--------+

Top non-repeatable levels by time:
     D:2: 883 daAuts
     D:1: 687 daAuts
     D:4: 186 daAuts
     D:3: 130 daAuts
     D:5: 57 daAuts
